 Seeded DCSS version 0.29-a0-613-gf2c431b9b9 (webtiles) character file.

Game seed: 16540029993331354961 (custom seed)

1159 happo123 the Ruffian (level 8, -2/74 HPs)
             Began as a Troll Transmuter on June 16, 2022.
             Was a Believer of Okawaru.
             Slain by Prince Ribbit (17 damage)
             ... on level 5 of the Dungeon.
             The game lasted 00:13:05 (2251 turns).

happo123 the Ruffian (Troll Transmuter)             Turns: 2251, Time: 00:13:05

Health: -2/74      AC:  4    Str: 25    XL:     8   Next: 16%
Magic:  10/10      EV: 10    Int: 11    God:    Okawaru [**....]
Gold:   211        SH:  0    Dex: 10    Spells: 8/11 levels left

rFire   . . .      SeeInvis .     - Unarmed
rCold   . . .      Faith    .   (no shield)
rNeg    . . .      Spirit   .   a - +0 robe
rPois   .          Reflect  .   (helmet restricted)
rElec   .          Harm     .   (no cloak)
rCorr   .          Rampage  .   (gloves unavailable)
Will    .....                   (boots unavailable)
Stlth   +.........              m - amulet of magic regeneration
HPRegen 1.02/turn               v - +6 ring of strength
MPRegen 0.52/turn               (no ring)

@: very slightly contaminated
A: large, unfitting armour, claws 3, regeneration 1, shaggy fur 1, tough skin 1
a: Renounce Religion, Heroism


You were on level 5 of the Dungeon.
You worshipped Okawaru.
Okawaru was pleased with you.
You visited 1 branch of the dungeon, and saw 5 of its levels.

You collected 211 gold pieces.

Inventory:

Hand Weapons
 j - a +3 hunting sling of freezing
 y - the +3 trident of the Smoking Ancients {speed, +Blink Will+ MP-9 Str+5}
   (You took it off an orc on level 4 of the Dungeon)

   Attacks with this weapon are significantly faster.
   Str:       It affects your strength (+5).
   MP:        It affects your magic capacity (-9).
   +Blink:    It lets you blink.
   Will:      It increases your willpower.
 A - the +7 mace "Jaqidus" {vorpal, Will+}
   (You found it on level 5 of the Dungeon)

   It inflicts extra damage upon your enemies.
   Will:      It increases your willpower.
Missiles
 l - a throwing net
Armour
 a - a +0 robe (worn)
Jewellery
 m - an amulet of magic regeneration (around neck)
 v - a +6 ring of strength (left claw)
Wands
 w - a wand of light (5)
Scrolls
 c - a scroll of noise {unknown}
 e - a scroll of identify {unknown}
 i - 2 scrolls of amnesia {unknown}
 k - a scroll of enchant weapon {unknown}
 n - 2 scrolls of blinking {unknown}
 o - a scroll of silence {unknown}
 r - a scroll of poison {unknown}
 s - a scroll of fog {unknown}
 t - 2 scrolls of acquirement {unknown}
 u - a scroll of enchant armour {unknown}
 x - a scroll of teleportation {unknown}
Potions
 b - a potion of lignification
 d - 2 potions of flight {unknown}
 f - a potion of ambrosia {unknown}
 g - 3 potions of curing {unknown}
 h - a potion of mutation {unknown}
 p - a potion of resistance {unknown}
 q - a potion of brilliance {unknown}
 z - a potion of degeneration {unknown}


   Skills:
 + Level 2.7 Fighting
 + Level 3.1 Dodging
 * Level 5.6 Unarmed Combat
 + Level 2.4 Spellcasting
 * Level 4.0 Transmutations
 + Level 2.2 Ice Magic


You had 8 spell levels left.
You knew the following spells:

 Your Spells              Type           Power      Damage    Failure   Level
a - Beastly Appendage     Tmut           20%        N/A       5%          1
b - Wereblood             Tmut           10%        N/A       9%          2

Your spell library contained the following spells:

 Spells                   Type           Power      Damage    Failure   Level
 Spider Form              Tmut/Pois      5%         N/A       36%         3
 Ice Form                 Ice/Tmut       8%         N/A       61%         4
 Portal Projectile        Hex/Tloc       2%         N/A       63%         3
 Corpse Rot               Necr/Pois/Air  1%         N/A       95%         4
 Dispel Undead            Necr           1%         3d6       95%         4
 Leda's Liquefaction      Hex/Erth       0%         N/A       95%         4
 Call Canine Familiar     Summ           Unusable   N/A       N/A         3
 Death Channel            Necr           Unusable   N/A       N/A         6

Dungeon Overview and Level Annotations

Branches:
Dungeon (5/15)
 Temple: D:4-7

Altars:
Elyvilon
Makhleb
Okawaru
Uskayaw

Annotations:
D:5 Prince Ribbit


Innate Abilities, Weirdness & Mutations

You are too large for most types of armour.
You have claws for hands.
Your natural rate of healing is unusually fast.
You are covered in fur. (AC +1)
You have tough skin. (AC +1)


Message History

Prince Ribbit barely misses you.
You miss Prince Ribbit. Your kick misses Prince Ribbit.
Your headbutt misses Prince Ribbit.
Prince Ribbit is severely wounded.
Your horns disappear.
Your talons disappear.
Prince Ribbit hits you.
* * * LOW HITPOINT WARNING * * *
Prince Ribbit barely misses you.
You claw Prince Ribbit!
Prince Ribbit is almost dead.
Prince Ribbit closely misses you.
You barely miss Prince Ribbit. Your claw misses Prince Ribbit.
Prince Ribbit is almost dead.
Prince Ribbit hits you!
* * * LOW HITPOINT WARNING * * *
You completely miss Prince Ribbit. Your claw misses Prince Ribbit.
Prince Ribbit is almost dead.
Prince Ribbit blinks!
Prince Ribbit blinks!
Casting: Beastly Appendage (safe; 5% risk of failure)
Press: ? - help, Q - select action, (/) - cycle Dir - look around, f - activate You miscast Beastly Appendage.
You are very lightly contaminated with residual magic.
Nothing appears to happen.
Prince Ribbit blinks!
Prince Ribbit blinks!
You closely miss Prince Ribbit.
Prince Ribbit is almost dead.
Prince Ribbit barely misses you. Prince Ribbit hits you.
* * * LOW HITPOINT WARNING * * *
You barely miss Prince Ribbit.
Prince Ribbit is almost dead.
Prince Ribbit closely misses you.
You closely miss Prince Ribbit.
Prince Ribbit is almost dead.
Prince Ribbit closely misses you.
You closely miss Prince Ribbit.
Prince Ribbit is almost dead.
Prince Ribbit hits you!
You die...

##############
#......#.....#
#............#
#.†..[.......#
#<†.†.........
#.......(.######.#
#....F@..........#
#................#
#................#
#.................
#...............##
#...............#
#...............#
#################


You could see Prince Ribbit.

Vanquished Creatures
  Grinder (D:4)
  The ghost of spaghetti the Grave Robber, an amateur GnNe (D:4)
  Sigmund (D:2)
  2 black bears (D:4)
  A scorpion (D:4)
  2 howler monkeys
  Ijyb (D:3)
  2 iguanas (D:5)
  Natasha (thrice) (D:2)
  4 adders
  A white imp (D:3)
  An ufetubus (D:4)
  A worm (D:3)
  7 dart slugs
  4 orcs
  3 ball pythons
  4 bats
  8 endoplasms
  12 goblins
  6 hobgoblins
  10 jackals
  5 quokkas
  2 frilled lizards (D:2)
  9 kobolds
  2 rats
93 creatures vanquished.

Vanquished Creatures (others)
  A butterfly (D:3)
1 creature vanquished.

Grand Total: 94 creatures vanquished

Notes
Turn   | Place    | Note
-------+----------+-------------------------------------------
     0 | D:1      | happo123 the Troll Transmuter began the quest for the Orb.
     0 | D:1      | Reached XP level 1. HP: 18/18 MP: 1/1
   120 | D:1      | Reached XP level 2. HP: 26/26 MP: 2/2
   252 | D:1      | Reached skill level 1 in Fighting
   425 | D:1      | Found a faded altar of an unknown god.
   438 | D:1      | Reached XP level 3. HP: 33/33 MP: 2/4
   447 | D:1      | Learned a level 2 spell: Wereblood
   685 | D:2      | Noticed Sigmund
   701 | D:2      | Killed Sigmund
   702 | D:2      | Reached skill level 4 in Unarmed Combat
   702 | D:2      | Reached skill level 1 in Ice Magic
   702 | D:2      | Reached XP level 4. HP: 34/41 MP: 5/5
   702 | D:2      | Reached XP level 5. HP: 40/48 MP: 6/6
   837 | D:2      | Noticed Natasha
   846 | D:2      | Killed Natasha
   976 | D:2      | Noticed Natasha
   982 | D:2      | Killed Natasha
   983 | D:2      | Reached XP level 6. HP: 52/57 MP: 5/7
   996 | D:2      | Noticed Natasha
  1000 | D:2      | Killed Natasha
  1337 | D:3      | Found an iron altar of Okawaru.
  1345 | D:3      | Became a worshipper of Warmaster Okawaru
  1359 | D:3      | Found a hide-covered altar of Uskayaw.
  1360 | D:3      | Noticed Ijyb
  1369 | D:3      | Killed Ijyb
  1551 | D:3      | Found a white marble altar of Elyvilon.
  1718 | D:4      | Reached XP level 7. HP: 38/65 MP: 9/9
  1777 | D:4      | Found a burning altar of Makhleb.
  1814 | D:4      | Identified the +3 trident of the Smoking Ancients {speed,
                  | +Blink Will+ MP-9 Str+5}
  1907 | D:4      | Reached * piety under Okawaru
  1925 | D:4      | Found a runed translucent door.
  1925 | D:4      | Noticed spaghetti's ghost (amateur GnNe)
  1942 | D:4      | Killed spaghetti's ghost
  1943 | D:4      | Reached skill level 5 in Unarmed Combat
  1957 | D:4      | Noticed Grinder
  1975 | D:4      | Killed Grinder
  1976 | D:4      | Reached XP level 8. HP: 28/74 MP: 10/10
  2183 | D:5      | Entered Level 5 of the Dungeon
  2195 | D:5      | Reached ** piety under Okawaru
  2204 | D:5      | Identified the +7 mace "Jaqidus" {vorpal, Will+}
  2208 | D:5      | Noticed Prince Ribbit
  2251 | D:5      | Slain by Prince Ribbit

Illustrated notes

Levels and vault maps discovered:
D:1:      dpeg_arrival_arbitrary_a, layout_rooms,
          ebering_ecumenical_altar_abandoned
D:2:      layout_rooms, uniq_natasha, uniq_sigmund
D:3:      layout_rooms, nicolae_elyvilon_peaceful_grove, amcnicky_altar_gilded,
          okawaru_metal_pillars_1_2, serial_rivers,
          chequers_serial_rivers_micro_b, chequers_serial_rivers_room_b,
          chequers_serial_rivers_micro_c, chequers_serial_rivers_small_a,
          chequers_serial_rivers_room_b, chequers_serial_rivers_small_b,
          minmay_circle_x, uniq_ijyb
D:4:      layout_rooms, bloody_makhleb, gammafunk_ghost_grave, kennysheep_nub,
          uniq_grinder
D:5:      layout_basic, jmf_multi_god_temple2, zin_treasury, uniq_prince_ribbit1

Skill      XL: |  1  2  3  4  5  6  7  8 |
---------------+-------------------------+-----
Fighting       | 1 2 |  2.7
Transmutations | 2 3 4 |  4.0
Dodging        | 2 3 |  3.1
Unarmed Combat | 4 5 |  5.6
Ice Magic      | 1 2 |  2.2
Spellcasting   | 2 |  2.4

Action                   |  1- 3 |  4- 6 |  7- 9 || total
-------------------------+-------+-------+-------++-------
Melee: Unarmed           |    91 |   104 |    78 ||   273
       Kick              |     5 |     7 |    15 ||    27
       Headbutt          |     5 |     6 |     4 ||    15
       Punch             |       |     3 |     3 ||     6
 Cast: Beastly Appendage |     9 |    10 |     7 ||    26
       Wereblood         |       |     2 |     2 ||     4
Invok: Heroism           |       |       |     1 ||     1
 Stab: Sleeping          |       |     1 |       ||     1
Armor: Robe              |    26 |    30 |    14 ||    70
Dodge: Dodged            |    47 |    63 |    40 ||   150

Table legend: (Time is in decaauts)
 A = Elapsed time spent in this place.
 B = Non-inter-level travel time spent in this place.
 C = Inter-level travel time spent in this place.
 D = Time resting spent in this place.
 E = Time spent auto-exploring this place.
 F = Levels seen in this place.
 G = Mean time per level.
                   A        B        C        D        E       F      G
               +--------+--------+--------+--------+--------+-----+--------+
         Total |   2240 |   1821 |    419 |      0 |   1100 |   5 |  448.0 |
       Dungeon |   2240 |   1821 |    419 |      0 |   1100 |   5 |  448.0 |
               +--------+--------+--------+--------+--------+-----+--------+

Top non-repeatable levels by time:
     D:3: 655 daAuts
     D:2: 528 daAuts
     D:1: 518 daAuts
     D:4: 472 daAuts
     D:5: 64 daAuts
